[Event "Titled Tuesday Blitz July 18 Late 2023"]
[White "Feliz Dotel, Dewar Bienvenido"]
[Black "Zampronha, Wladimir Camilo"]
[WhiteFideId "6402801"]
[BlackFideId "2103087"]
[WhiteElo "2063"]
[BlackElo "2246"]
[Result "1-0"]
[Round "6"]
[TimeControl "180+2"]
[Date "2023.07.18"]
[WhiteClock "0:00:17"]
[BlackClock "0:00:00"]
[Board "162"]

1. d4 Nf6 2. e3 e6 3. Nf3 b6 4. Bd3 Bb7 5. O-O Be7 6. b3 O-O 7. Bb2 c5 8. Nbd2 Nc6 9. a3 d5 10. Ne5 Nxe5 11. dxe5 Ne4 12. Bxe4 dxe4 13. Nc4 Qd5 14. Qg4 Rad8 15. Rad1 Qc6 16. Rxd8 Rxd8 17. Rd1 Rxd1+ 18. Qxd1 Qd5 19. Qxd5 exd5 20. Nd6 Ba6 21. b4 Kf8 22. bxc5 bxc5 23. c4 Bxd6 24. exd6 Bxc4 25. Bxg7+ Ke8 26. f3 exf3 27. gxf3 Kd7 28. Bf8 Bd3 29. Kf2 c4 30. Ke1 Bf5 31. Kd2 Kc6 32. Kc3 a5 33. h4 Be6 34. Kd4 h5 35. Kc3 Bh3 36. f4 Bf5 37. Kd4 Bd7 38. e4 Bc8 39. exd5+ Kd7 40. Kxc4 Ba6+ 41. Kc5 Bd3 42. Kb6 a4 43. Ka5 Bc2 44. Kb4 Bd1 45. Kc3 Bf3 46. Kd4 Bg2 47. Ke5 Bf3 48. Be7 Ke8 49. f5 Kd7 50. f6 Ke8 51. Kd4 Kd7 52. Kc4 Bd1 53. Kb4 Bb3 54. Bf8 Ke8 55. Be7 Kd7 56. Kb5 1-0


[Site "https://www.chess.com"]

[Event "Titled Tuesday Blitz July 18 Late 2023"]
[White "Sainz Aguirre, Ignacio"]
[Black "Schachpanda_Youtube"]
[WhiteFideId "5101727"]
[WhiteElo "1963"]
[BlackElo "2222"]
[Result "1-0"]
[Round "6"]
[TimeControl "180+2"]
[Date "2023.07.18"]
[WhiteClock "0:00:22"]
[BlackClock "0:00:00"]
[Board "163"]

1. e4 c6 2. d4 d5 3. e5 c5 4. c4 cxd4 5. Nf3 Bg4 6. cxd5 Qxd5 7. Nc3 Bxf3 8. Nxd5 Bxd1 9. Nc7+ Kd8 10. Nxa8 Ba4 11. e6 fxe6 12. Bf4 e5 13. Bxe5 Nc6 14. Bg3 e5 15. b3 Bb4+ 16. Kd1 Nf6 17. bxa4 Kd7 18. a3 Bd6 19. Rb1 Rxa8 20. Rxb7+ Ke6 21. Bc4+ Kf5 22. Re1 Na5 23. Bd3+ e4 24. Rb5+ Ke6 25. Bxd6 Kxd6 26. Rxa5 exd3 27. Ra6+ Kd7 28. Rxf6 gxf6 29. Kd2 Rb8 30. Kxd3 Rb3+ 31. Kxd4 Rxa3 32. Ke4 Rxa4+ 33. Kf5 Ra5+ 34. Kxf6 Ra2 35. Rf1 Rb2 36. g4 a5 37. h4 a4 38. g5 a3 39. Rd1+ Kc6 40. Rd3 a2 41. Ra3 Rxf2+ 42. Kg7 Rh2 43. Kxh7 Rxh4+ 44. Kg7 Rh2 45. g6 Rg2 46. Kf7 Kb5 47. g7 Kb4 48. Rxa2 1-0


[Site "https://www.chess.com"]

[Event "Titled Tuesday Blitz July 18 Late 2023"]
[White "De Arruda, Leandro Formes"]
[Black "Lutz, Igor Oscar"]
[WhiteFideId "22722009"]
[BlackFideId "2110806"]
[WhiteElo "2211"]
[BlackElo "1940"]
[Result "1-0"]
[Round "6"]
[TimeControl "180+2"]
[Date "2023.07.18"]
[WhiteClock "0:01:18"]
[BlackClock "0:00:00"]
[Board "164"]

1. d4 Nf6 2. Nf3 d5 3. e3 c6 4. Nbd2 e6 5. Bd3 Be7 6. O-O O-O 7. Ne5 Nbd7 8. f4 c5 9. c3 Qc7 10. Rf3 c4 11. Bc2 b5 12. Rh3 g6 13. Qf3 b4 14. g4 bxc3 15. bxc3 Rb8 16. g5 Nxe5 17. dxe5 Ne4 18. Bxe4 dxe4 19. Nxe4 Bb7 20. Rxh7 Kxh7 21. Qh3+ Kg8 22. Nf6+ Bxf6 23. exf6 Qc6 24. Ba3 Qg2+ 25. Qxg2 Bxg2 26. Kxg2 Rfd8 27. Bb4 Rd2+ 28. Kf3 Rxh2 29. a4 Rd8 30. Bc5 Rh3+ 31. Ke4 Rd3 32. Bd4 Rh2 33. Rb1 Kh7 34. Rb7 Ra2 35. Rxf7+ Kg8 36. Rxa7 Rdd2 37. f7+ 1-0


[Site "https://www.chess.com"]

[Event "Titled Tuesday Blitz July 18 Late 2023"]
[White "Nakamura, Hikaru"]
[Black "Martinez Alcantara, Jose Eduardo"]
[WhiteFideId "2016192"]
[BlackFideId "3805662"]
[WhiteElo "3258"]
[BlackElo "3066"]
[Result "1-0"]
[Round "7"]
[TimeControl "180+2"]
[Date "2023.07.18"]
[WhiteClock "0:00:37"]
[BlackClock "0:00:24"]
[Board "1"]

1. Nf3 Nf6 2. b3 d5 3. Bb2 c5 4. e3 g6 5. Bxf6 exf6 6. c3 Nc6 7. d4 cxd4 8. Nxd4 f5 9. g3 Bg7 10. Ne2 O-O 11. Bg2 Be6 12. O-O Qa5 13. b4 Qc7 14. Nd2 Rad8 15. Nf3 Rfe8 16. Qd2 Ne7 17. Rac1 Nc8 18. Nf4 Nd6 19. Nd4 Nc4 20. Qe2 Be5 21. Rfd1 Bxf4 22. exf4 Bd7 23. Qf1 Nb6 24. h4 h5 25. Nf3 a6 26. Nd4 Re7 27. Re1 Rde8 28. Rxe7 Rxe7 29. Qd3 Qd6 30. Qd1 Ba4 31. Qd3 Qd7 32. Bf1 Nc4 33. Qb1 Nd6 34. Bd3 Bb5 35. Rd1 Bxd3 36. Qxd3 Ne4 37. Ne2 Nf6 38. f3 Qa4 39. Rd2 Qc6 40. Kf2 Qb6+ 41. Qd4 Qc6 42. Nc1 Rc7 43. Rd3 Kg7 44. Nb3 Qa4 45. Rd2 Rc4 46. Qe5 Qc6 47. Nd4 Qb6 48. Kg2 Rc8 49. Nb3 Re8 50. Qd4 Qc6 51. Nc5 Kg8 52. a4 Re7 53. a5 Kg7 54. Kf2 b6 55. axb6 Qxb6 56. Ra2 Ra7 57. Ne6+ Qxe6 58. Qxa7 d4 59. Re2 1-0


[Site "https://www.chess.com"]

[Event "Titled Tuesday Blitz July 18 Late 2023"]
[White "Duda, Jan-Krzysztof"]
[Black "Nihal Sarin"]
[WhiteFideId "1170546"]
[BlackFideId "25092340"]
[WhiteElo "3016"]
[BlackElo "3067"]
[Result "1-0"]
[Round "7"]
[TimeControl "180+2"]
[Date "2023.07.18"]
[WhiteClock "0:02:51"]
[BlackClock "0:01:50"]
[Board "2"]

1. d4 Nf6 2. c4 e6 3. Nf3 d5 4. g3 Bb4+ 5. Bd2 Be7 6. Bg2 O-O 7. O-O c6 8. Qc2 Nbd7 9. Bf4 b6 10. Rd1 Ba6 11. Ne5 Rc8 12. Qa4 Bxc4 13. Nxc6 b5 14. Qa6 b4 15. Qxc8 1-0


[Site "https://www.chess.com"]

[Event "Titled Tuesday Blitz July 18 Late 2023"]
[White "Meshkovs, Nikita"]
[Black "Bortnyk, Olexandr"]
[WhiteFideId "11602740"]
[BlackFideId "14120828"]
[WhiteElo "2771"]
[BlackElo "3033"]
[Result "0-1"]
[Round "7"]
[TimeControl "180+2"]
[Date "2023.07.18"]
[WhiteClock "0:00:02"]
[BlackClock "0:00:55"]
[Board "3"]

1. d4 d6 2. Nf3 Nf6 3. c4 g6 4. Nc3 Bf5 5. h3 h5 6. Qb3 Qc8 7. c5 Bg7 8. cxd6 cxd6 9. Bg5 O-O 10. Rc1 Nc6 11. e3 Qd7 12. Be2 Ne4 13. Nxe4 Bxe4 14. O-O Bxf3 15. Bxf3 e6 16. Bxc6 bxc6 17. Qa4 Rfc8 18. Rc2 Rab8 19. Rfc1 Rb6 20. b3 Qb7 21. Bf4 Bf8 22. Qa5 d5 23. Qd2 a5 24. Be5 Qa6 25. e4 dxe4 26. Qf4 Bg7 27. Bxg7 Kxg7 28. Qxe4 a4 29. b4 Rxb4 30. Rxc6 Rxc6 31. Rxc6 Qb5 32. Rc7 Qd5 33. Qf4 Qf5 34. Qe3 Rb1+ 35. Kh2 Rb2 36. d5 exd5 37. Qd4+ Qf6 38. Qxa4 Qxf2 0-1


[Site "https://www.chess.com"]

[Event "Titled Tuesday Blitz July 18 Late 2023"]
[White "Terry, Renato"]
[Black "Paravyan, David"]
[WhiteFideId "3803457"]
[BlackFideId "4194985"]
[WhiteElo "2959"]
[BlackElo "3030"]
[Result "1-0"]
[Round "7"]
[TimeControl "180+2"]
[Date "2023.07.18"]
[WhiteClock "0:00:06"]
[BlackClock "0:00:14"]
[Board "4"]

1. Nf3 Nf6 2. e3 g6 3. b4 Bg7 4. Bb2 O-O 5. c4 d6 6. d4 c5 7. a3 b6 8. Be2 Bb7 9. O-O Nbd7 10. Nbd2 cxd4 11. exd4 Rc8 12. Rc1 Nh5 13. Re1 Nf4 14. Bf1 e5 15. d5 b5 16. Ne4 Nf6 17. g3 Nxe4 18. Rxe4 f5 19. Re1 Nh5 20. cxb5 Rxc1 21. Bxc1 Nf6 22. Bc4 h6 23. Nh4 Kh7 24. Be3 Qd7 25. Qd3 e4 26. Qd2 g5 27. Ng2 Ng4 28. Be2 Ne5 29. Rc1 f4 30. gxf4 Nf3+ 31. Bxf3 exf3 32. Qd3+ Kh8 33. Ne1 Qg4+ 34. Kh1 Re8 35. fxg5 hxg5 36. Rc4 Rxe3 37. Rxg4 Rxe1+ 38. Rg1 Re5 39. Qg6 Bxd5 40. Rc1 Be6 41. a4 d5 42. a5 Bf5 43. Qh5+ Kg8 44. b6 axb6 45. axb6 Re4 46. b7 Rxb4 47. Qe8+ Kh7 48. b8=Q Rxb8 49. Qxb8 Kg6 50. Qd6+ Kh5 51. Qxd5 Bh3 52. Qxf3+ g4 53. Qf5+ Kh4 54. Qh7+ 1-0


[Site "https://www.chess.com"]

[Event "Titled Tuesday Blitz July 18 Late 2023"]
[White "Sjugirov, Sanan"]
[Black "Naroditsky, Daniel"]
[WhiteFideId "4189302"]
[BlackFideId "2026961"]
[WhiteElo "2943"]
[BlackElo "3134"]
[Result "0-1"]
[Round "7"]
[TimeControl "180+2"]
[Date "2023.07.18"]
[WhiteClock "0:00:14"]
[BlackClock "0:00:28"]
[Board "5"]

1. e4 Nf6 2. e5 Nd5 3. d4 d6 4. exd6 exd6 5. c4 Nb6 6. Nc3 Be7 7. Bd3 O-O 8. Nge2 Bf6 9. O-O Re8 10. h3 Nc6 11. Be3 Nb4 12. b3 Nxd3 13. Qxd3 c6 14. Ng3 d5 15. c5 Nd7 16. Nh5 Be7 17. Rae1 Nf8 18. Bf4 g6 19. Ng3 Bf6 20. Be5 Bxe5 21. dxe5 Ne6 22. f4 Nxc5 23. Qf3 f5 24. exf6 Rxe1 25. Rxe1 Qxf6 26. b4 Ne6 27. f5 Ng7 28. fxg6 Qxf3 29. Re8+ Nxe8 0-1


[Site "https://www.chess.com"]

[Event "Titled Tuesday Blitz July 18 Late 2023"]
[White "Firouzja, Alireza"]
[Black "Antipov, Mikhail Al."]
[WhiteFideId "12573981"]
[BlackFideId "4107012"]
[WhiteElo "3124"]
[BlackElo "2921"]
[Result "0-1"]
[Round "7"]
[TimeControl "180+2"]
[Date "2023.07.18"]
[WhiteClock "0:00:03"]
[BlackClock "0:00:06"]
[Board "6"]

1. d4 Nf6 2. c4 e6 3. Nc3 Bb4 4. a3 Bxc3+ 5. bxc3 O-O 6. e3 d6 7. Bd3 c5 8. Ne2 Nc6 9. e4 e5 10. O-O b6 11. Bg5 h6 12. Bh4 g5 13. Bg3 Re8 14. f3 Nh5 15. Bf2 Qf6 16. Kh1 Bd7 17. Bc2 Rad8 18. Ba4 Rf8 19. Ra2 Qe7 20. Rd2 Na5 21. Bxd7 Qxd7 22. dxe5 Nxc4 23. Rd5 Nxe5 24. Ng3 Nf4 25. Rd2 d5 26. Be3 Nc4 27. Bxf4 Nxd2 28. Qxd2 dxe4 29. Qc1 gxf4 30. Qxf4 Qd6 31. Qxe4 Rfe8 32. Qh4 Qg6 33. f4 Rd2 34. h3 Re3 35. Kh2 Rxc3 36. f5 Qd6 37. f6 Rxg3 38. Qxg3+ Qxg3+ 39. Kxg3 Kh7 40. Re1 Kg6 41. Re7 Rd3+ 42. Kf4 Rxa3 43. h4 Ra4+ 44. Kg3 Kxf6 45. Rc7 Kg6 46. Rc6+ f6 47. Kh3 h5 48. g3 Rb4 49. Rc8 a5 50. Rf8 a4 51. Rg8+ Kf7 52. Rh8 a3 53. Ra8 Rb3 54. Ra7+ Kg6 55. Kg2 Rb2+ 56. Kf3 a2 57. g4 hxg4+ 58. Kxg4 b5 59. h5+ Kh6 60. Kf5 b4 61. Ra8 Rf2+ 62. Kg4 b3 63. Rh8+ Kg7 64. Ra8 b2 65. Rxa2 b1=Q 66. Rxf2 Qg1+ 67. Kf3 Qxf2+ 68. Kxf2 Kh6 0-1


[Site "https://www.chess.com"]

[Event "Titled Tuesday Blitz July 18 Late 2023"]
[White "Grigoriants, Sergey"]
[Black "Mamedov, Rauf"]
[WhiteFideId "4130804"]
[BlackFideId "13401653"]
[WhiteElo "2917"]
[BlackElo "3049"]
[Result "0-1"]
[Round "7"]
[TimeControl "180+2"]
[Date "2023.07.18"]
[WhiteClock "0:00:00"]
[BlackClock "0:01:23"]
[Board "7"]

1. d4 d5 2. c4 e6 3. Nc3 c5 4. e3 Nf6 5. Nf3 a6 6. cxd5 exd5 7. Be2 Nc6 8. O-O c4 9. b3 b5 10. bxc4 dxc4 11. a3 Be7 12. d5 Na5 13. e4 O-O 14. Bf4 Bc5 15. e5 Nh5 16. Bg5 f6 17. Be3 Bxe3 18. fxe3 fxe5 19. Nxe5 Nf6 20. Bf3 Nb3 21. d6 Be6 22. Bxa8 Qxa8 23. Ra2 Qa7 24. Kh1 Qc5 25. Nf3 Rd8 26. Qe1 Rxd6 27. e4 Rd3 28. e5 Ng4 29. Ne4 Qe3 30. Neg5 Qxe1 31. Rxe1 Nc5 32. h3 Nh6 33. Nxe6 Nxe6 34. Rd2 Rxa3 35. Rd6 Kf7 36. Rd7+ Ke8 37. Ra7 Nf5 38. Rd1 c3 39. Rc1 b4 40. Rb7 a5 41. Rb6 Ned4 42. Nxd4 Nxd4 43. Rb7 c2 44. e6 Re3 0-1


[Site "https://www.chess.com"]

[Event "Titled Tuesday Blitz July 18 Late 2023"]
[White "Andreikin, Dmitry"]
[Black "Tang, Andrew"]
[WhiteFideId "4158814"]
[BlackFideId "2059630"]
[WhiteElo "2998"]
[BlackElo "2889"]
[Result "1-0"]
[Round "7"]
[TimeControl "180+2"]
[Date "2023.07.18"]
[WhiteClock "0:00:04"]
[BlackClock "0:00:02"]
[Board "8"]

1. d4 d5 2. c4 e6 3. Nf3 Nf6 4. g3 dxc4 5. Bg2 Nc6 6. O-O Rb8 7. Bg5 Be7 8. e3 b5 9. b3 Ba6 10. Nfd2 Nd5 11. bxc4 bxc4 12. Bxe7 Qxe7 13. Ne4 Ncb4 14. Nc5 Bb5 15. e4 Nf6 16. Nc3 Bc6 17. a3 Nd3 18. Nxd3 cxd3 19. Qxd3 O-O 20. Qc4 Ba8 21. Rfd1 Rfc8 22. h4 Nd7 23. Qa6 Nb6 24. Qxa7 Nc4 25. Qa6 Nd6 26. Rac1 Bb7 27. Qa5 Ra8 28. Qc5 Qe8 29. d5 e5 30. Bh3 Rd8 31. Qxc7 Rxa3 32. Ra1 Ra6 33. Rxa6 Bxa6 34. Ra1 Bd3 35. Bg2 h6 36. Ra7 Qf8 37. Qc6 Rc8 38. Rc7 Rb8 39. Rd7 Nb5 40. d6 Rc8 41. Rc7 Nxc7 42. dxc7 Qe8 43. Qxe8+ Rxe8 44. Nd5 Ba6 45. Bh3 Bc8 46. Bxc8 Rxc8 47. Ne7+ 1-0


[Site "https://www.chess.com"]

[Event "Titled Tuesday Blitz July 18 Late 2023"]
[White "Makarian, Rudik"]
[Black "Moskalenko, Alexander"]
[WhiteFideId "44105681"]
[BlackFideId "4155351"]
[WhiteElo "2997"]
[BlackElo "2881"]
[Result "1-0"]
[Round "7"]
[TimeControl "180+2"]
[Date "2023.07.18"]
[WhiteClock "0:01:19"]
[BlackClock "0:01:06"]
[Board "9"]

1. c4 e6 2. Nf3 Nf6 3. g3 d5 4. Bg2 dxc4 5. Qa4+ Nbd7 6. Qxc4 a6 7. Qc2 c5 8. O-O Rb8 9. d4 b5 10. Bf4 Rb6 11. Rd1 Bb7 12. a4 Be4 13. Qc1 cxd4 14. Bc7 Qa8 15. Bxb6 Nxb6 16. axb5 a5 17. Rxd4 Be7 18. Rxe4 Qxe4 19. Nc3 Qc4 20. Ne5 Qc5 21. Bc6+ Kf8 22. Nd3 1-0


[Site "https://www.chess.com"]

[Event "Titled Tuesday Blitz July 18 Late 2023"]
[White "Oparin, Grigoriy"]
[Black "Rasulov, Vugar"]
[WhiteFideId "24125890"]
[BlackFideId "13402390"]
[WhiteElo "2990"]
[BlackElo "2861"]
[Result "0-1"]
[Round "7"]
[TimeControl "180+2"]
[Date "2023.07.18"]
[WhiteClock "0:00:27"]
[BlackClock "0:00:22"]
[Board "10"]

1. Nf3 Nf6 2. g3 d5 3. Bg2 c6 4. c4 dxc4 5. Qc2 g6 6. Qxc4 Bg7 7. O-O O-O 8. Rd1 Be6 9. Qh4 Bd5 10. Nc3 Bxf3 11. Bxf3 Nbd7 12. d4 e6 13. e4 e5 14. dxe5 Nxe5 15. Bg2 Qb6 16. Qf4 Nfg4 17. Qd2 Nd3 18. Qxd3 Nxf2 19. Qe3 Nxd1 20. Qxb6 axb6 21. Nxd1 Rfd8 22. Bf3 b5 23. a3 b4 24. Rb1 Bf8 25. axb4 Bxb4 26. Bg5 Rd3 27. Kf2 Bc5+ 28. Ke2 Rb3 29. Bf6 Kf8 30. Bc3 Bb4 31. Bd4 Rd8 32. Bf6 Rd2+ 0-1


[Site "https://www.chess.com"]

[Event "Titled Tuesday Blitz July 18 Late 2023"]
[White "He, Anthony"]
[Black "Gadimbayli, Abdulla"]
[WhiteFideId "2088215"]
[BlackFideId "13404938"]
[WhiteElo "2980"]
[BlackElo "2845"]
[Result "0-1"]
[Round "7"]
[TimeControl "180+2"]
[Date "2023.07.18"]
[WhiteClock "0:00:10"]
[BlackClock "0:00:12"]
[Board "11"]

1. e4 e5 2. Nf3 d5 3. exd5 e4 4. Qe2 Nf6 5. d3 Bb4+ 6. c3 O-O 7. dxe4 Bd6 8. Bg5 Re8 9. Bc1 Rxe4 10. Be3 Nxd5 11. Nbd2 Re8 12. O-O-O Nxe3 13. fxe3 Be6 14. Kb1 Nd7 15. e4 Qe7 16. Qf2 a5 17. Bd3 a4 18. Rhe1 a3 19. b3 Ne5 20. Bc2 Rad8 21. Nd4 Bc5 22. N2f3 Bg4 23. Qg3 Bb6 24. h3 Nxf3 25. gxf3 Bc8 26. f4 c5 27. Nf3 Ba5 28. Ne5 Bc7 29. Ng4 Rxd1+ 30. Rxd1 Rd8 31. Nh6+ Kf8 32. Rg1 Qf6 33. Nf5 Bxf5 34. exf5 Ba5 35. Qe3 Qxc3 36. Qxc3 Bxc3 37. Rd1 Rxd1+ 38. Bxd1 Bd2 39. Bf3 b6 40. Kc2 Bxf4 41. Kd3 Ke7 42. Bd5 Kf6 43. Ke4 Bc7 44. Bc4 g6 45. fxg6 fxg6 46. Kf3 Ke5 47. Bg8 h6 48. b4 Kd4 49. Bf7 g5 50. bxc5 bxc5 51. Ke2 c4 52. Kd2 Be5 53. Kc2 c3 54. Kb3 Ke3 55. Kc2 Kf4 56. Be6 h5 57. Kb3 g4 58. hxg4 hxg4 59. Bc8 g3 60. Bb7 Ke3 61. Bd5 Kd2 62. Be4 g2 0-1


[Site "https://www.chess.com"]

[Event "Titled Tuesday Blitz July 18 Late 2023"]
[White "Xiong, Jeffery"]
[Black "Fantastic_Power"]
[WhiteFideId "2047640"]
[WhiteElo "2972"]
[BlackElo "2756"]
[Result "1-0"]
[Round "7"]
[TimeControl "180+2"]
[Date "2023.07.18"]
[WhiteClock "0:01:46"]
[BlackClock "0:00:40"]
[Board "12"]

1. e4 c5 2. Nf3 Nf6 3. e5 Nd5 4. Nc3 e6 5. Ne4 f5 6. Nc3 Ne7 7. d4 cxd4 8. Nxd4 a6 9. Be3 Qc7 10. f4 Ng6 11. Qd2 Nc6 12. O-O-O b5 13. Nb3 Be7 14. g4 Nh4 15. Bh3 O-O 16. Rhf1 Rb8 17. gxf5 Nxf5 18. Bxf5 Rxf5 19. Ne4 a5 20. Bc5 a4 21. Nd4 Nxd4 22. Bxe7 d5 23. exd6 1-0


[Site "https://www.chess.com"]

[Event "Titled Tuesday Blitz July 18 Late 2023"]
[White "Priasmoro, Novendra"]
[Black "Hakobyan, Aram"]
[WhiteFideId "7105029"]
[BlackFideId "13306677"]
[WhiteElo "2779"]
[BlackElo "2966"]
[Result "0-1"]
[Round "7"]
[TimeControl "180+2"]
[Date "2023.07.18"]
[WhiteClock "0:00:02"]
[BlackClock "0:00:05"]
[Board "13"]

1. e4 g6 2. d4 Bg7 3. Nc3 c5 4. Nf3 Nc6 5. Be3 Nf6 6. d5 Nb8 7. h3 d6 8. Be2 O-O 9. Nd2 Nbd7 10. O-O Rb8 11. a4 Ne8 12. Nc4 Nc7 13. f4 a6 14. a5 Nb5 15. Na4 Nf6 16. Bf3 e6 17. Nab6 exd5 18. exd5 Bf5 19. g4 Be4 20. g5 Bxf3 21. Qxf3 Nh5 22. c3 Re8 23. f5 Rxe3 24. Qxe3 Nd4 25. f6 Nc2 26. Qf2 Nxa1 27. Rxa1 Bf8 28. Re1 h6 29. h4 Qc7 30. Qf3 Rd8 31. Qg4 Qb8 32. Nd2 Re8 33. Re2 Rxe2 34. Qxe2 Ng3 35. Qe1 Nf5 36. Kg2 Qd8 37. Kh3 hxg5 38. hxg5 c4 39. Ndxc4 Qc7 40. b4 Qd8 41. Kg4 Kh7 42. Kf4 Kg8 43. Nd2 Qc7 44. c4 Qd8 45. Nf3 Qc7 46. Nh4 Nxh4 47. Qxh4 Qd8 48. Qe1 Qc7 49. Qe2 Qd8 50. Qd1 Qe8 51. Qd2 Qe5+ 52. Kf3 Qf5+ 53. Qf4 Qb1 54. c5 dxc5 55. d6 Qd3+ 56. Qe3 Qf5+ 57. Qf4 Qxf4+ 58. Kxf4 Bxd6+ 59. Ke4 cxb4 60. Nc4 Bc7 61. Kd3 Bf4 62. Kc2 Bxg5 63. Nd6 Bxf6 64. Nxb7 Be7 65. Kb3 g5 0-1


[Site "https://www.chess.com"]

[Event "Titled Tuesday Blitz July 18 Late 2023"]
[White "Matlakov, Maxim"]
[Black "Riehle, Marco"]
[WhiteFideId "4168003"]
[BlackFideId "12904392"]
[WhiteElo "2958"]
[BlackElo "2747"]
[Result "1-0"]
[Round "7"]
[TimeControl "180+2"]
[Date "2023.07.18"]
[WhiteClock "0:01:01"]
[BlackClock "0:01:24"]
[Board "14"]

1. d4 d5 2. Nf3 Nf6 3. e3 e6 4. Bd3 c5 5. O-O c4 6. Be2 Bd6 7. b3 cxb3 8. axb3 O-O 9. Ba3 Ne4 10. Bxd6 Qxd6 11. c4 b6 12. Qc1 Bb7 13. Nc3 Nxc3 14. Qxc3 Nd7 15. Qb2 Rfc8 16. Rfc1 h6 17. h3 a5 18. Qa3 Qxa3 19. Rxa3 dxc4 20. bxc4 b5 21. Rca1 bxc4 22. Rxa5 Rxa5 23. Rxa5 c3 24. Ra1 c2 25. Rc1 Be4 26. Ne1 Rb8 27. Nxc2 Rc8 28. Bd1 Nb6 29. Rb1 Nd5 30. Rb2 g5 31. Kh2 Kg7 32. Nb4 Rc1 33. Nxd5 exd5 34. Bh5 Rf1 35. Kg3 Rg1 36. f3 Bg6 37. Bxg6 Kxg6 38. Rb5 Re1 39. Kf2 Rd1 40. Rxd5 Rd2+ 41. Kg3 f6 42. e4 h5 43. h4 gxh4+ 44. Kh3 Kh6 45. Rf5 Rxd4 46. Rxf6+ Kg5 47. Rf5+ Kg6 48. Kxh4 Rd2 49. Rg5+ Kf6 50. Kxh5 Rd1 51. Rf5+ Ke6 52. Kg4 Rh1 53. g3 Rh8 54. f4 Kd6 55. e5+ Ke6 56. Rf6+ Kd5 57. Kf5 Rh5+ 58. Kg6 Rh8 59. g4 Ke4 60. g5 Rg8+ 61. Kf7 Rc8 62. g6 Kf3 63. g7 Rc7+ 64. Kg6 Rc3 65. g8=Q Kg2 66. Qd5+ Kh2 67. Rf5 Rg3+ 68. Rg5 Kh3 69. Qh1# 1-0


[Site "https://www.chess.com"]

[Event "Titled Tuesday Blitz July 18 Late 2023"]
[White "Van Foreest, Jorden"]
[Black "Wieczorek, Oskar"]
[WhiteFideId "1039784"]
[BlackFideId "1133950"]
[WhiteElo "2952"]
[BlackElo "2721"]
[Result "1-0"]
[Round "7"]
[TimeControl "180+2"]
[Date "2023.07.18"]
[WhiteClock "0:00:28"]
[BlackClock "0:00:00"]
[Board "15"]

1. c4 g6 2. Nc3 Bg7 3. d4 c5 4. d5 Nf6 5. e4 d6 6. h3 O-O 7. Nf3 e6 8. Bd3 Na6 9. O-O Nc7 10. Re1 Rb8 11. Bf4 exd5 12. exd5 b5 13. Qd2 bxc4 14. Bxc4 a6 15. Re2 Nb5 16. Rae1 Nd4 17. Nxd4 cxd4 18. Qxd4 Nh5 19. Qd2 Rxb2 20. Qxb2 Nxf4 21. Re3 Bf5 22. Qd2 Qg5 23. g3 Nxh3+ 24. Kg2 Nf4+ 25. Kf1 Bh3+ 26. Kg1 Ng2 27. Ne4 Qd8 28. Bxa6 Nxe3 29. Qxe3 Qa5 30. Bc4 Qb4 31. Bb3 Bh6 32. Nf6+ Kg7 33. Ne8+ Kg8 34. Qe7 Qg4 35. Nf6+ 1-0


[Site "https://www.chess.com"]

[Event "Titled Tuesday Blitz July 18 Late 2023"]
[White "Mikhailovsky, Vladimir"]
[Black "Bluebaum, Matthias"]
[WhiteFideId "34105414"]
[BlackFideId "24651516"]
[WhiteElo "2734"]
[BlackElo "3009"]
[Result "0-1"]
[Round "7"]
[TimeControl "180+2"]
[Date "2023.07.18"]
[WhiteClock "0:00:00"]
[BlackClock "0:01:41"]
[Board "16"]

1. e4 e6 2. d4 d5 3. e5 c5 4. Qg4 Nc6 5. Nf3 Nge7 6. Bd3 h5 7. Qf4 c4 8. Be2 Nf5 9. c3 f6 10. h3 Bd7 11. Qd2 fxe5 12. Nxe5 Nxe5 13. dxe5 Qc7 14. Qg5 Be7 15. Qg6+ Kd8 16. Bf4 Qb6 17. Nd2 Be8 0-1


[Site "https://www.chess.com"]

[Event "Titled Tuesday Blitz July 18 Late 2023"]
[White "Papp, Levente"]
[Black "Kramnik, Vladimir"]
[WhiteFideId "751243"]
[BlackFideId "4101588"]
[WhiteElo "2722"]
[BlackElo "2969"]
[Result "0-1"]
[Round "7"]
[TimeControl "180+2"]
[Date "2023.07.18"]
[WhiteClock "0:00:04"]
[BlackClock "0:00:04"]
[Board "18"]

1. b3 e5 2. Bb2 Nc6 3. c4 Nge7 4. Nf3 d5 5. cxd5 Nxd5 6. g3 e4 7. Ne5 Qf6 8. Nc4 Qg6 9. Nc3 Nxc3 10. Bxc3 Bc5 11. Bg2 O-O 12. O-O Rd8 13. Qc2 Bf5 14. Ne3 Bxe3 15. dxe3 h5 16. Rad1 h4 17. Rxd8+ Rxd8 18. Rd1 h3 19. Rxd8+ Nxd8 20. Qd2 Ne6 21. Bh1 Kh7 22. f3 Ng5 23. Kf2 Qc6 24. g4 exf3 25. exf3 Bxg4 26. e4 Be6 27. Bxg7 Nxe4+ 28. fxe4 Kxg7 29. Qg5+ Kf8 30. Qd8+ Qe8 31. Qxc7 Qe7 32. Qb8+ Kg7 33. Qg3+ Kh7 34. Qf4 Qc5+ 35. Kg3 Qg1+ 36. Kh4 Qxh1 37. Kh5 Qd1+ 38. Kg5 Qg1+ 39. Kh5 Qg6+ 40. Kh4 Qh6+ 0-1


[Site "https://www.chess.com"]

[Event "Titled Tuesday Blitz July 18 Late 2023"]
[White "Svane, Frederik"]
[Black "Haydon, David L"]
[WhiteFideId "12923044"]
[BlackFideId "415405"]
[WhiteElo "2964"]
[BlackElo "2710"]
[Result "1-0"]
[Round "7"]
[TimeControl "180+2"]
[Date "2023.07.18"]
[WhiteClock "0:00:05"]
[BlackClock "0:00:16"]
[Board "19"]

1. c4 c6 2. Nf3 d5 3. b3 Nf6 4. Bb2 g6 5. Bxf6 exf6 6. cxd5 Qxd5 7. Nc3 Qd8 8. d4 Bg7 9. e3 O-O 10. Be2 Nd7 11. O-O f5 12. Rc1 Nf6 13. Qc2 Be6 14. Rfd1 Re8 15. Ne5 Qe7 16. Bf3 Rad8 17. Nd3 Bc8 18. Nc5 Rd6 19. g3 h5 20. b4 h4 21. b5 Bh6 22. bxc6 bxc6 23. Re1 hxg3 24. hxg3 Kg7 25. Kg2 Nd7 26. Nd3 Rh8 27. Rcd1 Nf6 28. Ne5 c5 29. Nc4 Ra6 30. d5 Bb7 31. Qb2 Rb8 32. e4 fxe4 33. Nxe4 Ra4 34. Ncd6 Rd4 35. Rxd4 cxd4 36. Nxb7 Rxb7 37. Qxd4 Rd7 38. d6 Qe6 39. Bg4 Qxg4 40. Qxf6+ Kh7 41. Qe7 Qf5 42. Qxd7 Qd5 43. Qe7 Kg7 44. d7 Qxe4+ 45. Qxe4 Bf4 46. Qxf4 f5 47. Qd4+ Kf7 48. d8=Q g5 49. Re7+ Kg6 50. Qg8+ Kh5 51. Rh7# 1-0


[Site "https://www.chess.com"]

[Event "Titled Tuesday Blitz July 18 Late 2023"]
[White "Amburgy, Ryan"]
[Black "Svane, Rasmus"]
[WhiteFideId "30924820"]
[BlackFideId "4657101"]
[WhiteElo "2682"]
[BlackElo "2955"]
[Result "0-1"]
[Round "7"]
[TimeControl "180+2"]
[Date "2023.07.18"]
[WhiteClock "0:00:20"]
[BlackClock "0:01:15"]
[Board "20"]

1. Nf3 d5 2. c4 e6 3. d4 a6 4. cxd5 exd5 5. Nc3 Nf6 6. Qb3 c6 7. Bg5 Be7 8. e3 h6 9. Bh4 O-O 10. Bd3 Re8 11. O-O Nbd7 12. Qc2 a5 13. Na4 Ne4 14. Bxe7 Qxe7 15. Rac1 Nd6 16. Nc5 Nxc5 17. Qxc5 Qf6 18. Ne5 Bf5 19. Rfd1 Bxd3 20. Nxd3 h5 21. Qc2 g6 22. Ne5 Re7 23. Rb1 Kg7 24. h3 Nf5 25. g3 Nd6 26. Qe2 Ne4 27. Qf3 Qe6 28. Kg2 Ng5 29. Qf4 Qxh3+ 30. Kg1 Ne6 31. Qf3 h4 32. Qg2 Qxg2+ 33. Kxg2 hxg3 34. Kxg3 Ng5 35. f3 f6 36. Ng4 Nf7 37. Rd3 Rae8 38. Kf2 f5 39. Nh2 f4 40. Re1 Nd6 41. Ng4 Nc4 42. b3 Nxe3 43. Nxe3 Rxe3 44. Rdxe3 Rxe3 45. Rg1 Rd3 46. Re1 Kf7 47. Kg2 Rxd4 48. Kh3 Rd2 49. Kg4 Rxa2 50. Kxf4 a4 51. bxa4 Rxa4+ 52. Ke5 Ra3 53. f4 Ra4 54. Rf1 Ke7 0-1


[Site "https://www.chess.com"]